 Dungeon Crawl Stone Soup version 0.32-a0-868-g153ae1a8d6 (webtiles) character file.

Game seed: 11491452940354284062

6055 Biggs the Skirmisher (level 10, -1/83 HPs)
             Began as a Coglin Hunter on Mar 28, 2024.
             Was a High Priest of Okawaru.
             Slain by a wyvern (11 damage)
             ... on level 9 of the Dungeon.
             The game lasted 00:12:08 (8131 turns).

Biggs the Skirmisher (Coglin Hunter)                Turns: 8131, Time: 00:12:08

Health: -1/83      AC: 11    Str: 15    XL:     10   Next: 87%
Magic:  10/10      EV: 14    Int: 14    God:    Okawaru [*****.]
Gold:   711        SH:  0    Dex: 22    Spells: 9/9 levels left

rFire   . . .        a - +2 sling {Santos}
rCold   . . .        d - +0 sling {Qiu}
rNeg    . . .        o - +0 ring mail
rPois   .            g - +0 helmet
rElec   .            t - +2 cloak of the Ageless Beds {Str+4 Int+5}
rCorr   .            q - +0 pair of gloves
SInv    .            A - +0 pair of boots
Will    .....        (amulet unavailable)
Stlth   +            (ring unavailable)
HPRegen 0.33/turn    (ring unavailable)
MPRegen 0.12/turn    (no gizmo)

%: no passive effects
@: revving
A: off-hand wielding, slow wielding, warmup strikes, no jewellery
a: Invent Gizmo, Renounce Religion, Heroism, Finesse, Duel


You were on level 9 of the Dungeon.
You worshipped Okawaru.
Okawaru was extremely pleased with you.
You visited 2 branches of the dungeon, and saw 11 of its levels.
You also visited: Bailey.

You collected 711 gold pieces.

Inventory:

Hand Weapons
 a - a +2 sling (weapon) {Santos}
 d - a +0 sling (offhand) {Qiu}
Armour
 c - a +0 leather armour
 g - a +0 helmet (worn)
 o - a +0 ring mail (worn)
 q - a +0 pair of gloves (worn)
 t - the +2 cloak of the Ageless Beds (worn) {Str+4 Int+5}
   (You found it on level 3 of the Dungeon)

   Str+4:     It affects your strength (+4).
   Int+5:     It affects your intelligence (+5).
 A - a +0 pair of boots (worn)
Wands
 y - a wand of mindburst (17)
 z - a wand of flame (43)
 F - a wand of paralysis (7)
Scrolls
 b - a scroll of butterflies
 e - a scroll of identify
 f - a scroll of fog
 h - 3 scrolls of noise
 k - 4 scrolls of immolation
 l - a scroll of blinking
 w - a scroll of vulnerability
Potions
 i - a potion of magic {unknown}
 j - 2 potions of heal wounds {unknown}
 m - 3 potions of haste {unknown}
 n - 3 potions of brilliance {unknown}
 p - a potion of invisibility {unknown}
 r - 3 potions of curing
 u - 2 potions of lignification {unknown}
 v - a potion of attraction {unknown}
 x - a potion of cancellation {unknown}
 B - 3 potions of might {unknown}
 C - a potion of ambrosia {unknown}
 D - 2 potions of enlightenment {unknown}


   Skills:
 - Level 9.1 Fighting
 + Level 11.3 Ranged Weapons
 - Level 6.3 Dodging
 - Level 0.7 Stealth


You had 9 spell levels left.
You didn't know any spells.
Your spell library contained the following spells:

 Spells                   Type           Power      Damage    Failure   Level
 Apportation              Tloc           0%         N/A       50%         1
 Necrotise                Necr           0%         1d4       50%         1
 Sandblast                Erth           0%         2d4       50%         1
 Shock                    Conj/Air       0%         1d3       50%         1
 Sting                    Conj/Alch      0%         1d3       50%         1
 Blink                    Tloc           0%         N/A       65%         2
 Lesser Beckoning         Tloc           0%         N/A       65%         2
 Momentum Strike          Conj/Tloc      0%         3d8       65%         2
 Dazzling Flash           Conj/Hex       0%         N/A       86%         3
 Mephitic Cloud           Conj/Alch/Air  0%         N/A       86%         3
 Stone Arrow              Conj/Erth      0%         3d7       86%         3
 Swiftness                Air            0%         N/A       86%         3
 Airstrike                Air            0%         2d(0-16)  99%         4
 Brom's Barrelling Bould  Conj/Erth      0%         2d3       99%         4
 Curse of Agony           Necr           0%         N/A       100%        5
 Silence                  Hex/Air        0%         N/A       100%        5
 Lehudib's Crystal Spear  Conj/Erth      0%         10d2      100%        8
 Summon Small Mammal      Summ           Unusable   N/A       N/A         1
 Animate Armour           Summ/Erth      Unusable   N/A       N/A         4

Dungeon Overview and Level Annotations

Branches:
Dungeon (10/15)            Temple (1/1) D:4            Lair (0/5) D:9
 Bailey (visited)
    Orc: D:9-12

Altars:
Ashenzari
Cheibriados
Dithmenos
Elyvilon
Fedhas
Gozag
Hepliaklqana
Kikubaaqudgha
Makhleb
Nemelex Xobeh
Okawaru
Qazlal
Ru
Sif Muna
Trog
Uskayaw
Vehumet
Wu Jian
Xom
Yredelemnul
Zin
The Shining One

Shops:
D:4 (

Annotations:
Temple 2 transporters


Innate Abilities, Weirdness & Mutations

You can wield a second weapon in your off-hand.
It takes a long time for you to wield or remove held weapons.
Your first few attacks do less damage.
You cannot equip rings or amulets.


Message History

* * * LOW HITPOINT WARNING * * *
You feel better. The wyvern closely misses you. The wyvern misses you.
Unknown command.
Fire: a) +2 sling {Santos}
Press: ? - help, Q - select action, (/) - cycle Shift-Dir - straight line, f - wyvern
Aim: a wyvern (71% to hit)
You shoot a sling bullet.
The sling bullet hits the wyvern but does no damage.
You shoot a sling bullet.
The sling bullet hits the wyvern but does no damage.
The wyvern closely misses you.
Fire: a) +2 sling {Santos}
Press: ? - help, Q - select action, (/) - cycle Shift-Dir - straight line, f/p - wyvern
Aim: a wyvern (71% to hit)
You shoot a sling bullet. The sling bullet hits the wyvern.
The wyvern is lightly wounded.
You shoot a sling bullet. The sling bullet hits the wyvern.
The wyvern is moderately wounded.
The wyvern closely misses you.
Fire: a) +2 sling {Santos}
Press: ? - help, Q - select action, (/) - cycle Shift-Dir - straight line, f/p - wyvern
Aim: a wyvern (moderately wounded, 71% to hit)
You shoot a sling bullet. The sling bullet hits the wyvern.
The wyvern is moderately wounded.
You shoot a sling bullet.
The sling bullet hits the wyvern but does no damage.
The wyvern is moderately wounded.
The wyvern bites you.
* * * LOW HITPOINT WARNING * * *
The wyvern bites you.
* * * LOW HITPOINT WARNING * * *
Fire: a) +2 sling {Santos}
Press: ? - help, Q - select action, (/) - cycle Shift-Dir - straight line, f/p - wyvern
Aim: a wyvern (moderately wounded, 71% to hit)
You shoot a sling bullet. The sling bullet hits the wyvern.
The wyvern is heavily wounded.
You shoot a sling bullet.
The sling bullet closely misses the wyvern.
The wyvern bites you!
You die...

.# ####.# #....# .# #.# ####.###
.# ####'####### #...# .#
#..........# #####'## .#
#..........# #.......
.########>.........# #.......
........#.....>....#######.......
.######.'..........'.....#.......
.# ###.......@k.#####.'....... ##
############ ###....... #
####'### # #..## # ##... #
#########. ##### #......... ....#
#<........ ....############
#.........


You could see a wyvern.

Vanquished Creatures
  A rime drake (D:9)
  2 polar bears (D:9)
  3 yaks (D:8)
  3 wyverns
  A steam dragon (D:7)
  3 humans
  3 orc warriors
  5 ice beasts
  A black bear (D:5)
  3 wolves (D:9)
  3 ogres
  A centaur (D:9)
  3 kobold brigands
  2 scorpions
  17 wights
  4 killer bees (D:8)
  A howler monkey (D:8)
  A gnoll bouda (D:7)
  3 hounds
  4 jellies
  7 orc priests
  2 sleepcaps
  3 iguanas
  Natasha (thrice) (D:3)
  9 orc wizards
  4 gnolls
  8 adders
  3 shadow imps
  A white imp (D:6)
  2 ufetubi (D:7)
  2 ribbon worms (D:3)
  31 orcs
  8 endoplasms
  A giant cockroach (D:3)
  8 hobgoblins
  7 jackals
  3 quokkas
  6 ball pythons
  4 bats
  3 frilled lizards
  5 goblins
  15 kobolds
  10 rats
209 creatures vanquished.

Notes
Turn   | Place    | Note
-------+----------+-------------------------------------------
     0 | D:1      | Biggs the Coglin Hunter began the quest for the Orb.
     0 | D:1      | Reached XP level 1. HP: 16/16 MP: 1/1
    31 | D:1      | Noticed a golden eye
    37 | D:1      | Noticed a shining eye
    39 | D:1      | Found a faded altar of an unknown god.
    41 | D:1      | Noticed a great orb of eyes
    41 | D:1      | Noticed a great orb of eyes
   259 | D:1      | Reached skill level 4 in Ranged Weapons
   259 | D:1      | Reached XP level 2. HP: 21/22 MP: 2/2
   531 | D:2      | Reached XP level 3. HP: 27/27 MP: 3/3
  1117 | D:3      | Reached skill level 5 in Ranged Weapons
  1117 | D:3      | Reached XP level 4. HP: 30/33 MP: 4/4
  1177 | D:3      | Noticed Natasha
  1182 | D:3      | Killed Natasha
  1423 | D:3      | Identified the +2 cloak of the Ageless Beds {Str+4 Int+5}
  1636 | D:3      | Reached XP level 5. HP: 38/38 MP: 5/5
  1723 | D:3      | Noticed Natasha
  1729 | D:3      | Killed Natasha
  1752 | D:3      | Noticed Natasha
  1758 | D:3      | Killed Natasha
  1759 | D:3      | Reached skill level 6 in Ranged Weapons
  2256 | D:4      | Reached XP level 6. HP: 44/44 MP: 6/6
  2309 | D:4      | Found a staircase to the Ecumenical Temple.
  2361 | D:4      | Reached skill level 7 in Ranged Weapons
  2399 | Temple   | Found a transporter.
  2399 | Temple   | Found a transporter.
  2399 | Temple   | Found a transporter.
  2399 | Temple   | Found a transporter.
  2399 | Temple   | Entered the Ecumenical Temple
  2753 | D:4      | Found Feipnott's Weapon Shoppe.
  2885 | D:5      | Entered Level 5 of the Dungeon
  2940 | Temple   | Became a worshipper of Warmaster Okawaru
  3082 | D:5      | Reached XP level 7. HP: 50/50 MP: 7/7
  3198 | D:5      | Reached skill level 8 in Ranged Weapons
  3673 | D:6      | Reached * piety under Okawaru
  3860 | D:6      | Reached XP level 8. HP: 56/56 MP: 8/8
  4020 | D:6      | Reached skill level 5 in Dodging
  4275 | D:6      | Reached ** piety under Okawaru
  4817 | D:7      | Reached XP level 9. HP: 56/65 MP: 9/9
  4866 | D:7      | Found a bloodstained altar of Trog.
  4891 | D:7      | Found a glowing silver altar of Zin.
  4988 | D:7      | Reached skill level 5 in Fighting
  5660 | D:8      | Found a flagged portal.
  5669 | D:8      | Reached *** piety under Okawaru
  5716 | Bailey   | Entered a bailey
  6133 | D:8      | Reached XP level 10. HP: 83/83 MP: 10/10
  6229 | D:8      | Reached skill level 9 in Ranged Weapons
  6240 | D:8      | Reached **** piety under Okawaru
  7022 | D:9      | Reached skill level 10 in Ranged Weapons
  7411 | D:9      | Found a shadowy altar of Dithmenos.
  7623 | D:9      | Reached skill level 11 in Ranged Weapons
  7738 | D:9      | Reached ***** piety under Okawaru
  7805 | D:9      | Found a staircase to the Lair.
  8032 | D:10     | Entered Level 10 of the Dungeon
  8124 | D:10     | HP: 4/83 [wyvern (6)]
  8124 | D:10     | HP: 1/83 [wyvern (3)]
  8131 | D:9      | Slain by a wyvern

Illustrated notes

Levels and vault maps discovered:
D:1:      lightli_arrival_farm, layout_basic,
          hellmonk_ecumenical_altar_watching_god, serial_glass, glass_columns_b,
          glass_columns_b
D:2:      layout_basic
D:3:      layout_basic, serial_forest, infiniplex_forest_clump_diagonal,
          infiniplex_forest_end_1, infiniplex_forest_lined_1,
          infiniplex_forest_3_way, infiniplex_forest_clump_small,
          infiniplex_forest_lined_room_2, infiniplex_forest_straight_2,
          infiniplex_forest_clump_long, minmay_quadrilaterals, uniq_natasha
D:4:      layout_cave_pods, minmay_temple_entry_glassed_door, serial_shops, shop
D:5:      layout_loops_ring, serial_bayou_ford_a
D:6:      layout_rooms, minmay_a_box_with_orc_wizards_in_it
D:7:      layout_loops_ring, mainiacjoe_overflow_large_starburst
D:8:      layout_cave_pools, enter_bailey_2
D:9:      layout_roguey, mainiacjoe_overflow_brackets, hellmonk_lair_entry_icy,
          corner_web_ring
D:10:     layout_layer_cave
Temple:   hellmonk_temple_divided_pantheon

Skill      XL: |  1  2  3  4  5  6  7  8  9 10 |
---------------+-------------------------------+-----
Ranged Weapons | 4 5 6 7 8 11 | 11.3
Dodging        | 3 6 |  6.3
Fighting       | 4 9 |  9.1
Stealth        | |  0.7

Action                     |  1- 3 |  4- 6 |  7- 9 | 10-12 || total
---------------------------+-------+-------+-------+-------++-------
   Fire: Sling             |   134 |   228 |   730 |   410 ||  1502
    Use: Scroll            |       |       |     5 |     5 ||    10
         Potion            |       |       |       |     3 ||     3
 Armour: Leather armour    |    11 |       |       |       ||    11
         Ring mail         |     3 |    21 |   117 |   100 ||   241
  Dodge: Dodged            |     7 |    12 |    99 |    99 ||   217

Table legend: (Time is in decaauts)
 A = Elapsed time spent in this place.
 B = Non-inter-level travel time spent in this place.
 C = Inter-level travel time spent in this place.
 D = Time resting spent in this place.
 E = Time spent auto-exploring this place.
 F = Levels seen in this place.
 G = Mean time per level.
                   A        B        C        D        E       F      G
               +--------+--------+--------+--------+--------+-----+--------+
         Total |   8247 |   7805 |    442 |    954 |   5539 |  12 |  687.2 |
       Dungeon |   8183 |   7777 |    406 |    954 |   5537 |  10 |  818.3 |
        Temple |     39 |      4 |     35 |      0 |      0 |   1 |   39.0 |
        Bailey |     24 |     24 |      0 |      0 |      2 |   1 |   24.0 |
               +--------+--------+--------+--------+--------+-----+--------+

Top non-repeatable levels by time:
     D:7: 1691 daAuts
     D:9: 1076 daAuts
     D:3: 1058 daAuts
     D:6: 876 daAuts
     D:4: 847 daAuts
     D:8: 753 daAuts
     D:5: 673 daAuts
     D:2: 557 daAuts
     D:1: 547 daAuts
    D:10: 99 daAuts
  Temple: 39 daAuts
  Bailey: 24 daAuts
